← All builds
Air / Cortex / Economy first / OBSERVED BUILD

Standard air

Cortex Air build order · Supreme Isthmus

Economy-first air build: Aircraft Plant then Advanced Metal Extractor and Fusion Reactor, making transports and scouts for allies while transitioning into fighters and occasional bombers over the whole game.

Usually transports first (78%)

#eco #air #team support · 1506 distinct matches · 252 players · 81% of Cortex Air games · team won 46% of 1811 · Recently observed

HOW TO PLAY IT

Key timing: Aircraft Plant by 1:24

  1. Open 3 mex and wind, then drop Aircraft Plant early.
  2. Finish Aircraft Plant and start fighters for scouting and defense.
  3. Eat the Aircraft Plant once production needs outgrow it.
  4. Get Advanced Metal Extractor up to scale eco.
  5. Bring Fusion Reactor online and keep feeding transports, scouts, fighters to allies.

Phase by phase

TYPICAL OF ITS 1506 GAMES
  1. 1
  2. 2
  3. 3
PLAY THE OPENING

Follow the example game's first 6:00 step by step: what to build now, what comes next, and where it goes. At 1× it keeps pace with your own game.

  1. 1

    Up to the Aircraft Plant

    Economy
    • Metal Extractor3Mex
    • Wind Turbine4Wind
    Order
    1. Aircraft PlantAircraft Plant after 3 mex, 4 winddone ~1:26, middle half 1:14–1:35

    Some games also: energy storage (38%)

    By 1:07 in all: 3 mex · 4 wind

    The example game in this phase · 3 steps
    1. Mex ×3
    2. Wind ×4
    3. Aircraft PlantAircraft Plantdone 1:15 · typical 1:26
  2. 2

    Aircraft Plant to 5:00

    Economy
    • Metal Extractor1Mex
    • Wind Turbine9Wind
    • Wind Turbine3Wind
    Builders
    • Construction Turret2 Con turret
    • Construction Aircraft1 Con aircraft
    Army
    • Valiant5 Valiant
    • Hercules2 Light transport for allies
    • Finch2 Finch for allies
    • Finch1 Finch
    • Hephaestus1 Heavy transport for allies

    Some games also: shuriken (49%) · energy storage (45%) · converter (44%) · light transport (40%)

    By 5:00 in all: 3 mex · 1 mex · 13 wind · 3 wind · 1 energy storage · 2 con turret

    The example game in this phase · 36 steps
    1. Wind
    2. FinchFinch
    3. Wind
    4. FinchFinchfor Geo sea
    5. HerculesLight transport ×2for Geo sea
    6. Wind
    7. Construction AircraftCon aircraft
    8. Wind ×3
    9. ThistleThistle
    10. ValiantValiant
    11. Con turret
    12. ValiantValiant
    13. Mex
    14. Wind ×2
    15. HephaestusHeavy transportfor Beach sea
    16. Wind ×3
    17. Wind
    18. Wind
    19. Wind
    20. Wind
    21. HerculesLight transportfor Pond
    22. Wind
    23. Wind ×2
    24. HerculesLight transportfor Tech
    25. Wind
    26. Wind ×2
    27. ShurikenShuriken ×3
    28. Wind
    29. ValiantValiant
    30. Wind
    31. ValiantValiant ×2
    32. Wind
    33. Con turret
    34. Energy storage
    35. ValiantValiant
    36. ShurikenShuriken
  3. 3

    5:00 to 10:00

    Economy
    • Wind Turbine21Wind
    • Wind Turbine5Wind
    • Energy Converter6Converter
    Order
    1. Aircraft PlantEat Aircraft Plant
    2. Aircraft PlantAircraft Plant after 19 wind, 18 wind, 7 converterin 58% of games
    Builders
    • Construction Turret3 Con turret
    Army
    • Valiant9 Valiant

    Some games also: shuriken (47%) · fusion (38%) · con aircraft (35%) · light transport (31%)

    By 10:00 in all: 3 mex · 1 mex · 25 wind · 20 wind · 8 converter · 1 energy storage

    The example game in this phase · 90 steps
    1. Converter
    2. Wind
    3. Converter
    4. ShurikenShuriken
    5. Wind
    6. Converter
    7. Wind
    8. Converter ×2
    9. Wind
    10. Converter ×3
    11. Wind
    12. HerculesLight transportfor Beach sea
    13. Converter
    14. Wind ×4
    15. Aircraft PlantEat Aircraft Plantreclaimed for its metal
    16. Wind
    17. Con turret
    18. Converter
    19. Advanced Metal ExtractorT2 mex ×3done 6:48 · typical 6:54
    20. Aircraft PlantAircraft Plantdone 7:54
    21. Construction AircraftCon aircraft
    22. Advanced Metal ExtractorT2 mex
    23. Construction AircraftCon aircraft
    24. Wind
    25. ValiantValiant
    26. Wind ×2
    27. ValiantValiant
    28. Wind ×3
    29. Construction AircraftCon aircraft
    30. Wind ×13
    31. Construction AircraftCon aircraft
    32. Wind ×3
    33. Con turret
    34. Wind
    35. ValiantValiant
    36. Wind
    37. Con turret
    38. Wind ×2
    39. Con turret
    40. Wind ×3
    41. ValiantValiant
    42. Con turret ×2
    43. Wind
    44. ValiantValiant
    45. Hardened Energy Storage
    46. Wind ×2
    47. ValiantValiant
    48. Wind
    49. Wind ×2
    50. Con turret
    51. HerculesLight transport
    52. Wind
    53. Con turret
    54. Wind ×3
    55. ValiantValiant
    56. Wind ×2
    57. ValiantValiant
    58. Wind
    59. ValiantValiant
    60. Wind
    61. Wind
    62. Wind
    63. ValiantValiant
    64. Wind ×2
    65. ValiantValiant ×2
    66. Wind
    67. ValiantValiant
    68. Wind ×7
    69. Wind
    70. Fusion ReactorFusiondone 12:07 · typical 10:53
    71. Wind ×2
    72. Wind
    73. Wind ×2
    74. Wind
    75. Wind ×6
    76. Wind
    77. Wind ×4
    78. ValiantValiant
    79. Wind
    80. Wind ×2
    81. Wind
    82. Wind ×7
    83. Wind
    84. Wind ×2
    85. ValiantValiant ×2
    86. Wind
    87. Wind
    88. ValiantValiant ×3
    89. Wind
    90. Wind

Counts are medians over the build's games: half of them build more, half fewer. The example game is Zippo9's (37 OS, 13/10/2026); pick another.

Team trades

IN AT LEAST 30% OF ITS GAMES

You hand over

  • Finch2 Finch to Geo sea or Beach seafirst at 1:50 · in 96% of games
  • Hercules3 Light transport to Tech or Geo sea or Beach seafirst at 2:06 · in 99% of games
  • Hephaestus1 Heavy transport to Beach sea or Pond or Techfirst at 2:23 · in 72% of games

You get

  • Wind Turbine3 Wind from Beach sea or Geo seafirst at 1:37 · in 64% of games
  • Wind Turbine3 Wind from Beach sea or Geo sea or Pondfirst at 1:42 · in 46% of games
  • Construction Bot1 Con bot from Techfirst at 2:23 · in 88% of games
  • Advanced Construction Bot1 T2 con bot from Techfirst at 6:05 · in 96% of games

How it plays out

Typical game of this build, running totals by minute

Metal produced

010k20k30k
0:005:0010:0015:00

metal

Enemy metal destroyed

01k2k
0:005:0010:0015:00

metal

Own metal lost

01k2k3k
0:005:0010:0015:00

metal

1811 games.

Show as table
ByMetal produced: This buildEnemy metal destroyed: This buildOwn metal lost: This build
1:0039200
2:0092300
3:00145600
4:002052051
5:0027635173
6:003707102124
7:005089146167
8:006902190219
9:009284230270
10:0011758292380
11:0014356369536
12:0017069512781
13:00198597811102
14:002270412641689
15:002573618132420
WHAT THE NUMBERS SAY

Standard air play wins less than half its games, with very low combat losses and kills since the role mostly supports rather than fights.

  • + Own metal lost stays very low, only 2701 by 15:00.
  • + Metal production reaches 25740 by 15:00, a strong support economy.
  • − Team wins under half of games (47%).
  • − Enemy metal destroyed stays low at 2097 by 15:00, showing little direct impact.
THE EXAMPLE YOU ARE READING

Zippo9

37.3 OS · 13/10/2026

Open source match ↗

10 received units · includes a constructor
146 metal received · 56309 energy received

Allied construction assistance is unknown. Timings are observations, not a promise of solo reproducibility.

Typical milestones

Aircraft Plant1:26Middle 50%: 1:14–1:35 · n=1811
Advanced Metal Extractor6:54Middle 50%: 6:27–7:26 · n=1751
Fusion Reactor10:53Middle 50%: 9:45–12:17 · n=1159

Played most by

TheGeneraI114games of this buildDad_The_Speedrunner72games of this buildHunfore62games of this buildDRM52games of this buildMilkdragon52games of this build